 Dungeon Crawl Stone Soup version 0.32-a0-560-g4c7f4391e0 (webtiles) character file.

Game seed: 595475309459509543

96 Sobieck the Digger (level 4, -2/33 HPs)
             Began as a Mountain Dwarf Earth Elementalist on Feb 29, 2024.
             Killed from afar by Ijyb (3 damage)
             ... with a puff of flame
             ... on level 2 of the Dungeon.
             The game lasted 00:02:57 (2307 turns).

Sobieck the Digger (MDEE)                           Turns: 2307, Time: 00:02:57

Health: -2/33      AC:  4    Str: 11    XL:     4   Next: 41%
Magic:  4/7        EV: 11    Int: 17    God:
Gold:   166        SH:  0    Dex: 10    Spells: 3/7 levels left

rFire   . . .        d - +0 dagger
rCold   . . .        (no shield)
rNeg    . . .        a - +0 robe
rPois   .            h - +0 helmet
rElec   .            c - +0 cloak
rCorr   .            (no gloves)
SInv    .            (no boots)
Will    .....        (no amulet)
Stlth   ++           (no ring)
HPRegen 0.25/turn    (no ring)
MPRegen 0.10/turn

%: no passive effects
@: no status effects
A: runic magic, artefact enchanting
a: no special abilities


You were on level 2 of the Dungeon.
You visited 1 branch of the dungeon, and saw 3 of its levels.

You collected 166 gold pieces.

Inventory:

Hand Weapons
 d - a +0 dagger (weapon)
 g - a +0 dagger
Armour
 a - a +0 robe (worn)
 c - a +0 cloak (worn)
 h - a +0 helmet (worn)
 l - a +0 scale mail
Scrolls
 e - a scroll of fear {unknown}
 i - 2 scrolls of teleportation {unknown}
 j - 2 scrolls of silence {unknown}
 k - 2 scrolls of summoning {unknown}
 m - a scroll of vulnerability {unknown}
 n - a scroll of poison {unknown}
Potions
 b - a potion of magic
 o - a potion of haste {unknown}
 p - a potion of resistance {unknown}


   Skills:
 + Level 2.0 Armour
 - Level 1.3 Dodging
 - Level 1.4 Stealth
 + Level 2.4 Spellcasting
 - Level 0.8 Conjurations
 * Level 4.7 Earth Magic


You had 3 spell levels left.
You knew the following spells:

 Your Spells              Type           Power      Damage    Failure   Level
a - Sandblast             Erth           36%        2d10      2%          1
b - Stone Arrow           Conj/Erth      22%        3d8       19%         3

Your spell library contained the following spells:

 Spells                   Type           Power      Damage    Failure   Level
 Passwall                 Erth           18%        N/A       8%          3
 Call Imp                 Summ           4%         N/A       28%         2
 Sublimation of Blood     Necr           2%         N/A       28%         2
 Brom's Barrelling Bould  Conj/Erth      11%        2d3       52%         4
 Petrify                  Alch/Erth      10%        N/A       56%         4
 Summon Hydra             Summ           1%         N/A       100%        7


Dungeon Overview and Level Annotations

Branches:
Dungeon (3/15)

Altars:
Gozag

Annotations:
D:2 Ijyb


Innate Abilities, Weirdness & Mutations

Your spellcasting is much less encumbered by armour.
You can use scrolls of enchantment on lesser artefacts.


Message History

You feel sick. The kobold closely misses you.
There is an open door here.
You feel sick.
You feel sick. Ijyb attacks as she pursues you! Ijyb hits you with a +0 club.
* * * LOW HITPOINT WARNING * * *
Casting: Sandblast (safe; 2% risk of failure)
Confirm with . or Enter, or press ? or * to list all spells.
Aiming: Sandblast (safe; 2% risk of failure)
Press: ? - help, Shift-Dir - straight line, f/p - Ijyb
Aim: Ijyb, wielding a +0 club, wearing a +0 scale mail and carrying a wand of flame (lightly wounded, 80% to hit)
The blast of sand hits Ijyb but does no damage.
Ijyb is lightly wounded.
You feel sick. Ijyb hits you with a +0 club.
* * * LOW HITPOINT WARNING * * *
Ijyb zaps a wand.
The puff of flame misses you.
It was a potion of curing.
You feel better. Ijyb closely misses you.
Okay, then.
Unknown command.
Casting: Sandblast (safe; 2% risk of failure)
Confirm with . or Enter, or press ? or * to list all spells.
Okay, then.
Casting: Stone Arrow (quite dangerous; 19% risk of failure)
Confirm with . or Enter, or press ? or * to list all spells.
Okay, then.
Unknown command.
You are too injured to fight recklessly!
You are too injured to fight recklessly!
Unknown command.
You are too injured to fight recklessly!
You are too injured to fight recklessly!
Casting: Stone Arrow (quite dangerous; 19% risk of failure)
Confirm with . or Enter, or press ? or * to list all spells.
Aiming: Sandblast (safe; 2% risk of failure)
Press: ? - help, Shift-Dir - straight line, f/p - Ijyb
Aim: Ijyb, wielding a +0 club, wearing a +0 scale mail and carrying a wand of flame (lightly wounded, 80% to hit)
The blast of sand hits Ijyb but does no damage.
Ijyb is lightly wounded.
Ijyb hits you but does no damage.
Casting: Sandblast (safe; 2% risk of failure)
Confirm with . or Enter, or press ? or * to list all spells.
Aiming: Sandblast (safe; 2% risk of failure)
Press: ? - help, Shift-Dir - straight line, f/p - Ijyb
Aim: Ijyb, wielding a +0 club, wearing a +0 scale mail and carrying a wand of flame (lightly wounded, 80% to hit)
The blast of sand hits Ijyb but does no damage.
Ijyb is lightly wounded.
Ijyb zaps a wand.
The puff of flame hits you!
* * * LOW HITPOINT WARNING * * *
Ijyb zaps a wand.
The puff of flame hits you.
You die...
Ijyb screams, "Time for next experiment!"

........####.........####...##.##
...........'.........'...........
#####(..####.........####...##.#.
# #..## ##.......## ##.###.#. #
#.## ##.....## #.#...#. # #)#
##.>.## #.#.###. # #.# ##K##
#.#.# #. # #.# #g# #.#.###. # #.#
#@# #....... # #.##########.##
###.#### #
#.........#...##########.# #
#########......##.<......#
#.#...###.######## #.........#
####.####.# #.# #.## #.# #..###


You could see Ijyb and a kobold.

Vanquished Creatures
  Robin (D:2)
  4 gnolls (D:2)
  A dart slug (D:1)
  A ribbon worm (D:2)
  2 endoplasms
  2 giant cockroaches
  11 goblins
  3 hobgoblins (D:2)
  A quokka (D:2)
  2 ball pythons
  5 bats
  4 frilled lizards
  4 kobolds
  6 rats
47 creatures vanquished.

Notes
Turn   | Place    | Note
-------+----------+-------------------------------------------
     0 | D:1      | Sobieck the Mountain Dwarf Earth Elementalist began the
                  | quest for the Orb.
     0 | D:1      | Reached XP level 1. HP: 14/14 MP: 3/3
    27 | D:1      | Found a faded altar of an unknown god.
   263 | D:1      | Reached XP level 2. HP: 20/20 MP: 2/4
   373 | D:1      | You fall into a shaft and drop 1 floor!
   381 | D:2      | Noticed Robin
   451 | D:1      | Reached skill level 1 in Armour
   485 | D:2      | Killed Robin
   486 | D:2      | Reached skill level 4 in Earth Magic
   486 | D:2      | Reached XP level 3. HP: 26/26 MP: 1/6
   612 | D:1      | Learned a level 3 spell: Stone Arrow
   955 | D:2      | Reached XP level 4. HP: 24/33 MP: 4/7
  2002 | D:3      | Found an opulent altar of Gozag.
  2183 | D:3      | Noticed Ijyb
  2188 | D:3      | Noticed a phantom
  2304 | D:2      | HP: 1/33 [Ijyb/+0 club (5)]
  2307 | D:2      | Killed from afar by Ijyb

Illustrated notes

Levels and vault maps discovered:
D:1:      dpeg_arrival_lava_temple_mockup, layout_basic, basic_ecumenical_altar,
          hangedman_decor_opposing, chequers_serial_rivers_micro_a
D:2:      layout_loops_corners, dk_noncrumbling_3, uniq_robin
D:3:      layout_basic, nicolae_gozag_seed_capital, gammafunk_ghost_icy,
          minmay_cupped, uniq_crazy_yiuf_cottage, uniq_ijyb

Skill      XL: |  1  2  3  4 |
---------------+-------------+-----
Spellcasting   | 2 |  2.4
Armour         | 1 2 |  2.0
Earth Magic    | 4 |  4.7
Dodging        | |  1.3
Stealth        | |  1.4
Conjurations   | |  0.8

Action                     |  1- 3 |  4- 6 || total
---------------------------+-------+-------++-------
   Cast: Sandblast         |    38 |    34 ||    72
    Use: Potion            |       |     1 ||     1
 Armour: Robe              |    11 |    18 ||    29
  Dodge: Dodged            |     9 |    12 ||    21

Table legend: (Time is in decaauts)
 A = Elapsed time spent in this place.
 B = Non-inter-level travel time spent in this place.
 C = Inter-level travel time spent in this place.
 D = Time resting spent in this place.
 E = Time spent auto-exploring this place.
 F = Levels seen in this place.
 G = Mean time per level.
                   A        B        C        D        E       F      G
               +--------+--------+--------+--------+--------+-----+--------+
         Total |   2348 |   2281 |     67 |    353 |   1613 |   3 |  782.7 |
       Dungeon |   2348 |   2281 |     67 |    353 |   1613 |   3 |  782.7 |
               +--------+--------+--------+--------+--------+-----+--------+

Top non-repeatable levels by time:
     D:2: 1173 daAuts
     D:1: 968 daAuts
     D:3: 206 daAuts
